 Dungeon Crawl Stone Soup version 0.32-a0-791-gfc315c9ecd (webtiles) character file.

Game seed: 15990031712377558377

6897 cforsyth the Cleaver (level 10, 0/90 HPs)
             Began as a Mountain Dwarf Cinder Acolyte on Mar 20, 2024.
             Was a High Priest of Ignis.
             Killed from afar by an acid dragon (24 damage)
             ... with a splash of acid
             ... on level 9 of the Dungeon.
             The game lasted 00:17:32 (14005 turns).

cforsyth the Cleaver (MDCA)                        Turns: 14005, Time: 00:17:32

Health: 0/90       AC:  9    Str: 22    XL:     10   Next: 79%
Magic:  15/15      EV:  7    Int: 14    God:    Ignis [*****.]
Gold:   643        SH:  5    Dex:  5    Spells: 14/16 levels left

rFire   + . .        J - +4 battleaxe
rCold   . . .        (shield currently unavailable)
rNeg    . . .        p - +0 chain mail
rPois   .            (no helmet)
rElec   .            f - +0 cloak
rCorr   .            (no gloves)
SInv    .            i - +0 pair of boots
Will    +....        G - amulet of reflection Stlth
                     T - +4 ring of protection
HPRegen 0.35/turn    Y - +4 ring of slaying
MPRegen 0.14/turn

%: reflection
@: corroded
A: runic magic, artefact enchanting
a: Renounce Religion, Fiery Armour, Foxfire Swarm, Rising Flame


You were on level 9 of the Dungeon.
You worshipped Ignis.
Ignis was extremely pleased with you.
You visited 1 branch of the dungeon, and saw 9 of its levels.
You also visited: Ossuary.

You collected 643 gold pieces.


Innate Abilities, Weirdness & Mutations

Your spellcasting is much less encumbered by armour.
You can use scrolls of enchantment on lesser artefacts.


   Skills:
 + Level 8.8 Fighting
 + Level 9.7 Axes
 + Level 8.1 Armour
 + Level 6.6 Shields
 - Level 3.5 Spellcasting
 + Level 9.6 Fire Magic


You had 14 spell levels left.
You knew the following spells:

 Your Spells              Type           Power      Damage    Failure   Level
X - Scorch                Fire           58%        2d7       1%          2

Your spell library contained the following spells:

 Spells                   Type           Power      Damage    Failure   Level
 Apportation              Tloc           4%         N/A       30%         1
 Ignite Poison            Fire/Alch      15%        N/A       38%         4
 Cigotuvi's Dreadful Rot  Necr/Alch/Air  4%         N/A       43%         2
 Jinxbite                 Hex            4%         N/A       43%         2
 Tukima's Dance           Hex            2%         N/A       67%         3
 Dimensional Bullseye     Hex/Tloc       1%         N/A       97%         4
 Iskenderun's Mystic Bla  Conj/Tloc      2%         2d3       97%         4
 Passage of Golubria      Tloc           2%         N/A       97%         4
 Alistair's Intoxication  Alch           1%         N/A       100%        5
 Freezing Cloud           Conj/Ice/Air   1%         6-21      100%        5
 Silence                  Hex/Air        1%         N/A       100%        5
 Lehudib's Crystal Spear  Conj/Erth      1%         10d2      100%        8

Inventory:

Hand Weapons
 a - a -1 hand axe of flaming
 J - a +4 battleaxe (weapon)
Armour
 f - a +0 cloak (worn)
 i - a +0 pair of boots (worn)
 p - a +0 chain mail (worn)
 s - a +0 helmet
 B - a +0 kite shield
Jewellery
 G - an amulet of reflection (around neck)
 I - a +6 ring of intelligence
 L - a ring of flight
 T - a +4 ring of protection (left hand)
 Y - a +4 ring of slaying (right hand)
Wands
 b - a wand of mindburst (12)
 y - a wand of roots (7)
 z - a wand of flame (5)
 H - a wand of digging (7)
 M - a wand of quicksilver (12)
Scrolls
 c - a scroll of amnesia {unknown}
 e - a scroll of fear {unknown}
 g - a scroll of fog {unknown}
 j - a scroll of enchant weapon {unknown}
 k - 5 scrolls of teleportation {@r2}
 n - 4 scrolls of revelation
 t - a scroll of silence {unknown}
 u - a scroll of butterflies {unknown}
 v - a scroll of immolation {unknown}
 w - a scroll of vulnerability
 A - 3 scrolls of blinking {unknown}
 F - a scroll of enchant armour {unknown}
 K - 2 scrolls of identify {@r1}
 N - a scroll of torment
Potions
 d - 2 potions of might
 h - 4 potions of attraction
 l - 4 potions of mutation
 m - 7 potions of curing {@q1}
 o - 2 potions of lignification {unknown}
 q - a potion of magic
 r - 4 potions of heal wounds {@q2}
 x - 5 potions of brilliance
 C - a potion of degeneration {unknown}
 D - 2 potions of cancellation {unknown}
 E - 2 potions of haste {unknown}

Dungeon Overview and Level Annotations

Branches:
Dungeon (9/15)             Temple (0/1) D:4            Lair (0/5) D:8
Ossuary (visited)
    Orc: D:9-12

Altars:
Ashenzari
Cheibriados
Dithmenos
Elyvilon
Hepliaklqana
Nemelex Xobeh
Okawaru
Qazlal
Ru
Trog
Uskayaw
Xom
Yredelemnul
Beogh

Annotations:
D:3 1 runed translucent door, Crazy Yiuf

..# ...........#.#...#.#
##############...#.#.#.#.#
...............#.#.#.###.#
...###########.#...#.....#
##..### ### #.###########
###...###.####.#... #
###..##....#.#.###
######....# #.....#
......##..## ###@#....#
...........# # #.# ...#
......###..#.# #.# ..#
...........#.# #D# .#
......####...# #o# #
...........#...#)#
......######.#.oD#'
.......# ##... .......#
##...


You could see an orc warrior, 2 acid dragons and an orc.


Message History

The orc shouts!
An acid dragon comes into view.
The acid dragon roars!
The orc hits you with a +0 dagger.
You slice the orc!!
You kill the orc!
An orc comes into view. It is wielding a +0 club.
An orc comes into view. It is wielding a +0 hand axe.
An orc warrior comes into view. It is wielding a +0 halberd.
The orc warrior shouts!
The orc shouts! x2; You hear a roar!
An acid dragon comes into view.
The acid dragon spits acid at you. The splash of acid hits you!!
You see here a +0 dagger.
You slice the orc!!
You kill the orc!
The acid dragon spits acid at you. The splash of acid hits you!
* * * LOW HITPOINT WARNING * * *
The acid corrodes you!
You hear a shout!
Unknown command.
The acid dragon spits acid at you. The splash of acid hits you!!
* * * LOW HITPOINT WARNING * * *
The acid corrodes you! The acid dragon spits acid at you.
The splash of acid hits you!!
You die...
Ignis goes out, and joins you in death.

Skill      XL: |  1  2  3  4  5  6  7  8  9 10 |
---------------+-------------------------------+-----
Armour         | 1 2 3 4 5 7 8 |  8.1
Axes           | 4 5 6 7 8 9 |  9.7
Fire Magic     | 4 5 6 7 8 9 |  9.6
Fighting       | 4 5 6 7 8 |  8.8
Spellcasting   | 2 3 |  3.5
Shields        | 3 5 6 |  6.6

Action                     |  1- 3 |  4- 6 |  7- 9 | 10-12 || total
---------------------------+-------+-------+-------+-------++-------
  Melee: Hand axe          |   132 |    59 |   285 |    49 ||   525
         Battleaxe         |       |       |       |    24 ||    24
   Cast: Scorch            |     6 |    43 |   198 |    71 ||   318
  Evoke: Wand              |       |       |     4 |     3 ||     7
    Use: Potion            |       |     1 |     1 |       ||     2
         Scroll            |       |       |     9 |     1 ||    10
 Armour: Robe              |   104 |     3 |       |       ||   107
         Chain mail        |       |    57 |   387 |   136 ||   580
  Dodge: Dodged            |    58 |    26 |   144 |    43 ||   271
  Block: Other             |       |       |       |    16 ||    16

Levels and vault maps discovered:
D:1:      spicycebolla_green_bress_n_ham, layout_basic,
          shapermc_ecumenical_altar_venn, nrook_loot_triangle, chequers_jeans
D:2:      layout_basic
D:3:      layout_basic, elyvilon_altar_3, mainiacjoe_overflow_paths,
          uniq_jessica, uniq_crazy_yiuf_cottage
D:4:      layout_loops_ring, slow_altar_2, mainiacjoe_overflow_alcove_4,
          lemuel_round_altar, minmay_temple_entry_glassed_door
D:5:      layout_cave_pods, mainiacjoe_overflow_small_starburst,
          overflow_temple_1_default, uniq_grinder, uniq_edmund
D:6:      layout_cave_pools, hangedman_ru_absence, evilmike_ruin_ashenzari,
          nicolae_ossuary_entry_giza, minmay_stone_trees_medium
D:7:      layout_loops_ring, grunt_dithmenos_smoke_and_mirrors,
          mainiacjoe_overflow_divided_tiny, minmay_ruffians
D:8:      layout_layer_cave, erik_lair_orcish_takeover, david_defended_altar_orc
D:9:      layout_basic, palyth_temple_overflow_mages,
          mainiacjoe_overflow_catwalk, orc_david_3

Notes
Turn   | Place    | Note
-------+----------+-------------------------------------------
     0 | D:1      | cforsyth the Mountain Dwarf Cinder Acolyte began the quest
                  | for the Orb.
     0 | D:1      | Reached XP level 1. HP: 19/19 MP: 2/2
   297 | D:1      | Reached XP level 2. HP: 26/26 MP: 3/3
   450 | D:1      | Reached skill level 1 in Armour
   647 | D:1      | Reached skill level 4 in Axes
   751 | D:1      | Reached XP level 3. HP: 30/31 MP: 5/5
   808 | D:1      | Reached skill level 4 in Fire Magic
   816 | D:1      | Found a faded altar of an unknown god.
  1250 | D:2      | Learned a level 2 spell: Scorch
  1858 | D:2      | Reached XP level 4. HP: 40/40 MP: 3/6
  2108 | D:3      | Found an iron altar of Okawaru.
  2109 | D:3      | Noticed Jessica
  2117 | D:3      | Killed Jessica
  2168 | D:3      | Reached skill level 4 in Fighting
  2175 | D:3      | Reached skill level 2 in Armour
  2207 | D:3      | Found a white marble altar of Elyvilon.
  2314 | D:3      | Reached skill level 2 in Spellcasting
  2409 | D:3      | Reached XP level 5. HP: 46/46 MP: 5/8
  2510 | D:3      | Found a runed translucent door.
  2511 | D:3      | Noticed Crazy Yiuf
  3313 | D:4      | Reached XP level 6. HP: 53/53 MP: 1/9
  3354 | D:4      | Reached skill level 5 in Axes
  3354 | D:4      | Reached skill level 3 in Armour
  3354 | D:4      | Reached skill level 5 in Fire Magic
  3765 | D:4      | Found a staircase to the Ecumenical Temple.
  4035 | D:4      | Found a hide-covered altar of Uskayaw.
  4220 | D:4      | Found a bloodstained altar of Trog.
  4316 | D:4      | Found a snail-covered altar of Cheibriados.
  4440 | D:5      | Entered Level 5 of the Dungeon
  4455 | D:5      | Reached XP level 7. HP: 55/60 MP: 2/11
  4534 | D:5      | Found a hazy altar of Hepliaklqana.
  4749 | D:5      | Reached skill level 5 in Fighting
  4955 | D:4      | Reached skill level 3 in Spellcasting
  5237 | D:5      | Noticed Grinder
  5250 | D:5      | Paralysed by Grinder for 5 turns
  5265 | D:5      | Killed Grinder
  5266 | D:5      | Reached skill level 4 in Armour
  5379 | D:5      | Reached skill level 6 in Axes
  5379 | D:5      | Reached skill level 6 in Fire Magic
  5626 | D:5      | Reached XP level 8. HP: 68/69 MP: 2/13
  6185 | D:5      | Noticed Edmund
  6225 | D:5      | Killed Edmund
  6226 | D:5      | Reached skill level 1 in Shields
  6510 | D:5      | Found a shimmering altar of Xom.
  6705 | D:6      | Reached skill level 6 in Fighting
  6725 | D:6      | Found a sand-covered staircase.
  6777 | Ossuary  | Entered an ossuary
  6827 | Ossuary  | Reached skill level 5 in Armour
  6827 | Ossuary  | Reached skill level 2 in Shields
  7106 | Ossuary  | Reached skill level 7 in Axes
  7106 | Ossuary  | Reached skill level 7 in Fire Magic
  7346 | D:6      | Reached skill level 3 in Shields
  7546 | D:6      | Found a sacrificial altar of Ru.
  7579 | D:6      | Reached XP level 9. HP: 78/78 MP: 5/14
  7673 | D:6      | Found a broken altar of Ashenzari.
  8615 | D:8      | Reached skill level 6 in Armour
  8740 | D:7      | Found a shadowy altar of Dithmenos.
  8781 | D:7      | Reached skill level 7 in Fighting
  8836 | D:7      | Reached skill level 4 in Shields
  8989 | D:7      | Identified a +0 robe of resistance
  8999 | D:7      | Identified the +1 ring mail of the Sailor {rF+ Will+
                  | Slay+2}
  9301 | D:7      | Reached skill level 8 in Axes
  9301 | D:7      | Reached skill level 8 in Fire Magic
  9711 | D:7      | Found a stormy altar of Qazlal.
  9711 | D:7      | Found a sparkling altar of Nemelex Xobeh.
 10157 | D:7      | Reached skill level 5 in Shields
 10541 | D:8      | Found a staircase to the Lair.
 10658 | D:8      | Noticed a two-headed ogre
 10753 | D:8      | HP: 8/80 [two-headed ogre/+0 giant club (16)]
 10765 | D:7      | Killed a two-headed ogre
 10766 | D:7      | Reached skill level 7 in Armour
 10766 | D:7      | Reached XP level 10. HP: 12/88 MP: 6/15
 11318 | D:8      | Reached skill level 8 in Fighting
 12111 | D:8      | Reached skill level 9 in Axes
 12620 | D:8      | Reached skill level 9 in Fire Magic
 12730 | D:8      | Found a roughly hewn altar of Beogh.
 13394 | D:9      | Reached skill level 6 in Shields
 13538 | D:9      | Noticed a two-headed ogre
 13558 | D:9      | Killed a two-headed ogre
 13707 | D:9      | Reached skill level 8 in Armour
 13803 | D:9      | Found a basalt altar of Yredelemnul.
 14005 | D:9      | Killed from afar by an acid dragon

Vanquished Creatures
  2 two-headed ogres
  A hornet (D:9)
  Grinder (D:5)
  A wyvern (D:9)
  2 yaks
  A vampire (D:8)
  5 humans (D:7)
  A steam dragon (D:8)
  A warg (D:7)
  Edmund (D:5)
  2 water moccasins
  3 black bears
  An ice beast (D:7)
  An orc warrior (D:6)
  An ogre (D:4)
  2 wolves
  A phantom (D:6)
  3 kobold brigands
  A bullfrog (D:9)
  4 scorpions
  8 wights
  5 howler monkeys
  6 bullfrog zombies (Ossuary)
  A bombardier beetle (D:4)
  3 gnoll boudas
  7 orc priests
  3 hounds
  3 iguanas
  2 sleepcaps
  Jessica (D:3)
  5 orc wizards
  A killer bee zombie (Ossuary)
  3 crocodile zombies (Ossuary)
  4 hound zombies (Ossuary)
  3 mummies
  3 howler monkey zombies (Ossuary)
  17 gnolls
  10 adders
  A shadow imp (D:5)
  3 white imps
  4 ufetubi
  2 ribbon worms (D:2)
  3 dart slugs
  36 orcs
  9 endoplasms
  4 giant cockroaches
  6 goblins
  8 hobgoblins
  7 jackals
  5 quokkas
  9 ball pythons
  7 ball python zombies (Ossuary)
  5 bats
  2 frilled lizards (D:2)
  A goblin zombie (D:6)
  24 kobolds
  An orc zombie (D:6)
  4 rats
261 creatures vanquished.

Vanquished Creatures (others)
  2 orc wizards (D:7)
2 creatures vanquished.

Grand Total: 263 creatures vanquished

Table legend: (Time is in decaauts)
 A = Elapsed time spent in this place.
 B = Non-inter-level travel time spent in this place.
 C = Inter-level travel time spent in this place.
 D = Time resting spent in this place.
 E = Time spent auto-exploring this place.
 F = Levels seen in this place.
 G = Mean time per level.
                   A        B        C        D        E       F      G
               +--------+--------+--------+--------+--------+-----+--------+
         Total |  14038 |  13747 |    291 |   2666 |   8946 |  10 | 1403.8 |
       Dungeon |  13526 |  13235 |    291 |   2666 |   8685 |   9 | 1502.9 |
       Ossuary |    512 |    512 |      0 |      0 |    261 |   1 |  512.0 |
               +--------+--------+--------+--------+--------+-----+--------+

Top non-repeatable levels by time:
     D:7: 2437 daAuts
     D:8: 2353 daAuts
     D:4: 1822 daAuts
     D:5: 1795 daAuts
     D:6: 1353 daAuts
     D:1: 1148 daAuts
     D:3: 1033 daAuts
     D:2: 896 daAuts
     D:9: 684 daAuts
 Ossuary: 512 daAuts

Table legend:
 A = Non-vault XP
 B = Vault XP
 C = Vault XP percentage of total XP
 D = Non-vault monster count
 E = Vault monster count
 F = Vault count percentage of total count
                 A         B        C        D         E       F
            +---------+---------+-------+---------+---------+-------
      Total |    7088 |    2765 |  28.1 |     211 |      52 |  19.8
            +---------+---------+-------+---------+---------+-------
        D:1 |      51 |       0 |   0.0 |      28 |       0 |   0.0
        D:2 |      62 |       0 |   0.0 |      18 |       0 |   0.0
        D:3 |      56 |      37 |  39.8 |      19 |       1 |   5.0
        D:4 |     449 |      42 |   8.6 |      21 |       1 |   4.5
        D:5 |     710 |     434 |  37.9 |      25 |       2 |   7.4
        D:6 |     609 |      20 |   3.2 |      15 |       3 |  16.7
        D:7 |    1443 |    1321 |  47.8 |      33 |      11 |  25.0
        D:8 |    1581 |     315 |  16.6 |      36 |       6 |  14.3
        D:9 |    2127 |       6 |   0.3 |      16 |       2 |  11.1
    Ossuary |       0 |     590 | 100.0 |       0 |      26 | 100.0
            +---------+---------+-------+---------+---------+-------
